 Dungeon Crawl Stone Soup version 0.19.5 (webtiles) character file.

1995 JustSomeDude the Poker (level 9, -4/67 HPs)
             Began as a Demonspawn Fighter on Mar 20, 2017.
             Was a Believer of Okawaru.
             Killed from afar by an orc wizard (6 damage)
             ... with a puff of flame
             ... on level 8 of the Dungeon on Mar 21, 2017.
             The game lasted 00:20:19 (6127 turns).

JustSomeDude the Poker (Demonspawn Fighter)         Turns: 6127, Time: 00:20:20

Health: -4/67      AC: 21    Str: 28    XL:     9   Next: 1%
Magic:  14/14      EV:  7    Int:  9    God:    Okawaru [**....]
Gold:   449        SH: 11    Dex: 12    Spells: 0 memorised, 15 levels left

rFire  . . .     SeeInvis .     v - +4 trident (protect)
rCold  . . .     Gourm    .     t - +0 chain mail
rNeg   + . .     Faith    .     c - +0 shield
rPois  .         Spirit   .     p - +1 helmet
rElec  .         Reflect  .     P - +2 cloak of Keissi {Regen+ Str+2}
rCorr  .         Harm     .     j - +0 pair of gloves
MR     .....                    (no boots)
Stlth  ..........               (no amulet)
                                m - ring of positive energy
                                s - +3 ring of protection

@: mighty, lethally poisoned (-4 -> -31), hasted, very quick
A: talons 2, slimy green scales 1, nightstalker 1
a: Heroism, Renounce Religion


You were on level 8 of the Dungeon.
You worshipped Okawaru.
Okawaru was pleased with you.
You were not hungry.

You visited 2 branches of the dungeon, and saw 9 of its levels.

You collected 449 gold pieces.

Inventory:

Hand Weapons
 v - a +4 trident of protection (weapon)
 y - the +4 Vampire's Tooth {vamp}
   (You found it on level 7 of the Dungeon)

   It inflicts no extra harm, but heals its wielder when it wounds a living foe.
 B - a +1 dagger of protection
 K - a +0 shortbow
 T - a -1 war axe
Missiles
 q - 3 javelins (quivered)
 L - 27 arrows
Armour
 c - a +0 shield (worn)
 j - a +0 pair of gloves (worn)
 p - a +1 helmet (worn)
 t - a +0 chain mail (worn)
 P - the +2 cloak of Keissi (worn) {Regen+ Str+2}
   (You found it on level 6 of the Dungeon)

   It affects your strength (+2).
   It increases your rate of regeneration.
Jewellery
 m - a ring of positive energy (right hand)
 s - a +3 ring of protection (left hand)
 J - a +4 ring of intelligence {unknown}
 N - an uncursed ring of see invisible {unknown}
 S - a +2 ring of evasion {unknown}
Wands
 o - a wand of iceblast (11/15)
 C - a wand of random effects (31/48)
 D - a wand of acid (4/15)
 O - a wand of random effects (29/48)
 Q - a wand of iceblast (14/15)
Scrolls
 a - 2 scrolls of amnesia {unknown}
 d - a scroll of recharging
 g - 3 scrolls of enchant weapon
 h - 4 scrolls of identify
 r - 2 scrolls of noise
 u - 3 scrolls of teleportation
 F - a scroll of magic mapping
Potions
 i - a potion of lignification {unknown}
 k - a potion of resistance {unknown}
 n - 2 potions of heal wounds {unknown}
 w - a potion of cancellation {unknown}
 x - 2 potions of haste
 z - a potion of flight {unknown}
 A - a potion of invisibility {unknown}
 E - a potion of magic {unknown}
 G - a potion of agility {unknown}
 H - 2 potions of cure mutation {unknown}
 I - a potion of brilliance {unknown}
 R - a potion of might
Books
 b - a book of Misfortune

   Spells                             Type                      Level
   a - Confusing Touch                Hexes                        1
   b - Confuse                        Hexes                        3
   c - Gell's Gravitas                Hexes/Translocation          3
   d - Petrify                        Transmutation/Earth          4
   e - Metabolic Englaciation         Hexes/Ice                    5
   f - Yara's Violent Unravelling     Hexes/Transmutation          5
Comestibles
 f - 5 bread rations
 l - 2 meat rations


   Skills:
 + Level 4.9 Fighting
 + Level 6.5 Polearms
 + Level 5.0 Armour
 + Level 1.9 Dodging
 + Level 0.6 Stealth
 + Level 5.3 Shields
 * Level 3.7 Spellcasting
 + Level 0.4 Evocations


You had 15 spell levels left.
You didn't know any spells.

Dungeon Overview and Level Annotations

Branches:
Dungeon (8/15)             Temple (1/1) D:5
   Lair: D:8-11

Altars:
Ashenzari
Cheibriados
Dithmenos
Elyvilon
Fedhas
Gozag
Hepliaklqana
Kikubaaqudgha
Makhleb
Nemelex Xobeh
Okawaru
Qazlal
Ru
Sif Muna
Trog
Uskayaw
Vehumet
Xom
Yredelemnul
Zin
The Shining One

Shops:
D:4 %


Innate Abilities, Weirdness & Mutations

You have razor-sharp toenails.
You are partially covered in slimy green scales. (AC +2)
You are slightly more attuned to the shadows.


Message History

You are lethally poisoned!
* * * LOW HITPOINT WARNING * * *
You feel sick.
You bump into the rock wall.
* * * LOW HITPOINT WARNING * * *
You feel very sick. Something hits you but does no damage.
You are more poisoned.
You feel very mighty all of a sudden.
You feel less confused.
* * * LOW HITPOINT WARNING * * *
You feel very sick. Something hits you but does no damage.
You are more poisoned.
It was a potion of haste.
You feel yourself speed up.
* * * LOW HITPOINT WARNING * * *
You feel very sick.
You hear some strange, mumbled words.
A puff of flame appears from out of thin air!
The puff of flame hits you!
You die...

## ... #..
#..### ##
#....#
...#..#.#######
..o.{.#.o{@...#
......#..####.#
.##.....#
.........#
#.......<#
.......#.#
##..#..#.#
.......#.#
###......#


You could see an orc priest.

Vanquished Creatures
  The ghost of pps the Slinger, a novice SpAr of Sif Muna (D:6)
  2 ogres
  2 centaurs (D:5)
  Blork the orc (D:6)
  3 bullfrogs
  3 scorpions
  3 killer bees (D:7)
  The ghost of Haldmier the Slasher, a weakling HESk (D:3)
  2 hounds
  2 jellies
  3 orc priests
  2 orc wizards (D:5)
  4 iguanas
  6 worker ants
  A hound skeleton (D:4)
  9 adders
  A shadow imp (D:5)
  An ooze (D:4)
  An adder skeleton (D:5)
  A worm (D:3)
  A dart slug (D:4)
  A leopard gecko (D:2)
  33 orcs
  A ball python (D:1)
  5 bats
  9 giant cockroaches
  8 goblins
  11 hobgoblins
  9 jackals
  6 quokkas
  10 frilled lizards
  6 kobolds
  6 rats
155 creatures vanquished.

Vanquished Creatures (others)
  2 orc wizards
  An adder skeleton (D:5)
  An orc (D:5)
4 creatures vanquished.

Grand Total: 159 creatures vanquished

Notes
Turn   | Place    | Note
-------+----------+-------------------------------------------
     0 | D:1      | JustSomeDude the Demonspawn Fighter began the quest for the Orb.
     0 | D:1      | Reached XP level 1. HP: 18/18 MP: 1/1
   230 | D:1      | Gained mutation: You have sharp toenails. [demonic ancestry]
   230 | D:1      | Reached XP level 2. HP: 24/24 MP: 2/2
   247 | D:1      | Reached skill level 2 in Polearms
   706 | D:2      | Gained mutation: You are slightly more attuned to the shadows. [demonic ancestry]
   706 | D:2      | Reached XP level 3. HP: 27/29 MP: 3/3
   758 | D:2      | Found a shimmering altar of Xom.
   760 | D:2      | Found a shimmering altar of Xom.
   772 | D:2      | Found a shimmering altar of Xom.
   773 | D:2      | Found a shimmering altar of Xom.
   773 | D:2      | Found a shimmering altar of Xom.
   773 | D:2      | Found a shimmering altar of Xom.
   781 | D:2      | Found a shimmering altar of Xom.
  1009 | D:2      | Found a stormy altar of Qazlal.
  1421 | D:2      | Gained mutation: You are partially covered in slimy green scales. (AC +2) [demonic ancestry]
  1421 | D:2      | Reached XP level 4. HP: 33/35 MP: 4/4
  1600 | D:3      | Noticed Haldmier's ghost (weakling HESk)
  1607 | D:3      | Killed Haldmier's ghost
  1695 | D:3      | Reached skill level 3 in Polearms
  1706 | D:3      | Reached XP level 5. HP: 34/41 MP: 5/5
  2295 | D:4      | Found Eshops's Food Shop.
  2323 | D:4      | Reached skill level 1 in Dodging
  2467 | D:4      | Reached XP level 6. HP: 29/47 MP: 5/7
  2912 | D:5      | Entered Level 5 of the Dungeon
  2994 | D:5      | Reached skill level 1 in Spellcasting
  3178 | D:5      | Reached skill level 4 in Polearms
  3207 | D:5      | Found a staircase to the Ecumenical Temple.
  3289 | Temple   | Entered the Ecumenical Temple
  3522 | Temple   | Became a worshipper of Warmaster Okawaru
  3694 | D:5      | Gained mutation: You have razor-sharp toenails. [demonic ancestry]
  3694 | D:5      | Reached XP level 7. HP: 42/54 MP: 9/9
  3945 | D:5      | Found a glowing silver altar of Zin.
  4260 | D:5      | Reached skill level 5 in Polearms
  4469 | D:6      | Found an ancient bone altar of Kikubaaqudgha.
  4481 | D:6      | Reached * piety under Okawaru
  4677 | D:6      | Noticed Blork the orc
  4690 | D:6      | Killed Blork the orc
  4690 | D:6      | Reached XP level 8. HP: 47/61 MP: 12/12
  4700 | D:6      | Got an ichor-stained cloak
  4706 | D:6      | Identified the +2 cloak of Keissi {Regen+ Str+2} (You found it on level 6 of the Dungeon)
  4752 | D:6      | Noticed pps's ghost (novice SpAr)
  4768 | D:6      | Killed pps's ghost
  4859 | D:6      | Reached ** piety under Okawaru
  4859 | D:6      | Reached skill level 6 in Polearms
  4859 | D:6      | Reached skill level 5 in Shields
  4985 | D:6      | Found a sparkling altar of Nemelex Xobeh.
  5681 | D:7      | Found a burning altar of Makhleb.
  5864 | D:7      | Reached skill level 5 in Armour
  6096 | D:8      | Reached XP level 9. HP: 53/67 MP: 14/14
  6127 | D:8      | HP: 2/67 [poisoned by an orc wizard]
  6127 | D:8      | Killed from afar by an orc wizard

Skill      XL: |  1  2  3  4  5  6  7  8 |
---------------+-------------------------+-----
Shields        | 3 4 5 |  5.3
Polearms       | 2 3 4 5 6 |  6.5
Armour         | 3 4 5 |  5.0
Dodging        | 1 |  1.9
Spellcasting   | 1 2 3 |  3.7
Fighting       | 4 |  4.9
Stealth        | |  0.6
Evocations     | |  0.4

Action                   |  1- 3 |  4- 6 |  7- 9 || total
-------------------------+-------+-------+-------++-------
Melee: Trident           |   179 |   286 |   264 ||   729
       Kick              |    24 |    72 |    71 ||   167
       War axe           |       |       |    25 ||    25
       Dagger            |       |       |    29 ||    29
Evoke: Wand              |       |       |     3 ||     3
  Use: Potion            |       |     1 |     6 ||     7
       Scroll            |       |     1 |    11 ||    12
 Stab: Sleeping          |     1 |       |       ||     1
  Eat: Chunk             |     2 |     8 |     6 ||    16
       Meat ration       |       |       |     1 ||     1
       Beef jerky        |       |       |     1 ||     1
Armor: Scale mail        |    43 |       |       ||    43
       Chain mail        |    30 |   139 |   164 ||   333
Dodge: Dodged            |    35 |    46 |    71 ||   152
Block: Shield            |    72 |   117 |   134 ||   323
